 Dungeon Crawl Stone Soup version 0.21-a0-538-gd16b88a (webtiles) character file.

1171 slep the Chopper (level 8, 0/61 HPs)
             Began as a Demonspawn Fighter on Dec 17, 2017.
             Slain by an orc (3 damage)
             ... on level 6 of the Dungeon.
             The game lasted 00:14:14 (3348 turns).

slep the Chopper (Demonspawn Fighter)               Turns: 3348, Time: 00:14:17

Health: 0/61       AC: 17    Str: 21    XL:     8   Next: 18%
Magic:  8/8        EV: 12    Int:  9    God:
Gold:   312        SH:  0    Dex: 16    Spells: 7/7 levels left

rFire    . . .     SeeInvis .   a - +0 war axe
rCold    . . .     Gourm    .   (no shield)
rNeg     . . .     Faith    +   x - -2 ring mail (curse)
rPois    .         Spirit   .   (helmet restricted)
rElec    .         Reflect  .   B - +1 cloak
rCorr    .         Harm     .   l - +1 pair of gloves
MR       .....                  (no boots)
Stlth    +.........             E - amulet of faith
HPRegen  2.20/turn              (no ring)
MPRegen  0.11/turn              (no ring)

@: mighty, sanguine armour
A: antennae 1, powered by death 2, powered by pain 1, sanguine armour 2
a: no special abilities


You were on level 6 of the Dungeon.
You were hungry.

You visited 1 branch of the dungeon, and saw 6 of its levels.
You also visited: Ossuary.

You collected 312 gold pieces.

Inventory:

Hand Weapons
 a - a +0 war axe (weapon)
 F - the +4 dagger "Morg" {pain, MR+ Int+5}
   (You found it on level 5 of the Dungeon)

   In the hands of one skilled in necromantic magic, it inflicts extra damage on
   living creatures.
   It affects your intelligence (+5).
   It affects your resistance to hostile enchantments.
 G - a +0 blowgun
Missiles
 c - 23 poisoned needles
 h - 7 javelins (quivered)
 p - a throwing net
Armour
 b - a +0 scale mail
 d - a +0 helmet
 l - a +1 pair of gloves (worn)
 x - a cursed -2 ring mail (worn)
 y - a +1 robe of positive energy
 B - a +1 cloak (worn)
Jewellery
 u - an uncursed amulet of guardian spirit
 E - an amulet of faith (around neck)
Scrolls
 e - 3 scrolls of remove curse {unknown}
 g - 4 scrolls of teleportation {unknown}
 k - a scroll of enchant weapon {unknown}
 m - 7 scrolls of identify {unknown}
 q - 4 scrolls of fear {unknown}
 s - a scroll of enchant armour {unknown}
 w - 2 scrolls of random uselessness {unknown}
Potions
 i - a potion of heal wounds {unknown}
 j - 3 potions of invisibility {unknown}
 o - a potion of degeneration {unknown}
 t - 3 potions of haste {unknown}
 v - a potion of ambrosia {unknown}
 z - 2 potions of might
 A - a potion of mutation {unknown}
Comestibles
 f - 6 bread rations
 n - 2 royal jellies
 r - 4 fruits
 C - a meat ration


   Skills:
 + Level 4.8 Fighting
 + Level 6.9 Axes
 + Level 4.6 Armour
 + Level 2.3 Dodging
 + Level 0.3 Stealth
   Level 2.6 Shields


You had 7 spell levels left.
You didn't know any spells.

Dungeon Overview and Level Annotations

Branches:
Dungeon (6/15)
 Temple: D:4-7

Altars:
Ashenzari
Cheibriados
Dithmenos
Fedhas
Trog
Xom
The Shining One


Innate Abilities, Weirdness & Mutations

You have a pair of small antennae on your head.
You regenerate health from kills.
You sometimes gain a little power by taking damage.
When seriously injured, your bleeding wounds create thick armour. (AC +9)


Message History

The orc warrior is severely wounded.
You slash the orc!
You kill the orc!
The orc warrior barely misses you.
You hit the orc warrior.
The orc warrior is almost dead.
You slash the orc!
You kill the orc!
The orc warrior hits you with a dire flail!!
* * * LOW HITPOINT WARNING * * *
You focus on the pain.
You feel mightier all of a sudden.
A leopard gecko skeleton comes into view.
You hit the orc warrior.
The orc warrior is almost dead.
You closely miss the orc.
The orc warrior hits you with a dire flail.
* * * LOW HITPOINT WARNING * * *
The orc hits you.
You die...

## ## #..
..###? #.#
#Z.....
..###.$.#
#.#..o.#
##o#.#.# #@o#.#
........)....#
#####..........
#.......#.#.
#.........#
#.......#.#
##..........
##...###.##


You could see an orc warrior, an orc and a leopard gecko skeleton.

Vanquished Creatures
  Sigmund (D:2)
  The ghost of devnull the Covert, an amateur SpAs (Ossuary)
  An ogre (D:5)
  2 bullfrogs
  A howler monkey (D:5)
  A crimson imp (D:5)
  A centaur zombie (Ossuary)
  A hound (D:5)
  A jelly (D:5)
  A human zombie (Ossuary)
  A centaur skeleton (D:4)
  2 orc wizards
  4 worker ants
  A big kobold zombie (Ossuary)
  A hound zombie (D:5)
  A hound skeleton (D:5)
  2 mummies (Ossuary)
  5 adders
  4 gnolls (D:3)
  A shadow imp (D:6)
  2 worms
  3 dart slugs (D:1)
  5 leopard geckos
  9 orcs
  4 giant cockroaches
  6 goblins
  5 hobgoblins
  10 jackals
  4 quokkas
  10 bats
  2 frilled lizards
  A goblin zombie (Ossuary)
  11 hobgoblin zombies (Ossuary)
  A jackal skeleton (D:5)
  2 jackal zombies (Ossuary)
  7 kobolds
  9 kobold zombies (Ossuary)
  A leopard gecko zombie (D:5)
  8 orc zombies (Ossuary)
  5 rats
  3 rat zombies (Ossuary)
141 creatures vanquished.

Notes
Turn   | Place    | Note
-------+----------+-------------------------------------------
     0 | D:1      | slep the Demonspawn Fighter began the quest for the Orb.
     0 | D:1      | Reached XP level 1. HP: 18/18 MP: 1/1
    70 | D:1      | Reached skill level 2 in Axes
    72 | D:1      | Gained mutation: You regenerate a little health from kills. [demonic ancestry]
    72 | D:1      | Reached XP level 2. HP: 19/24 MP: 2/2
   323 | D:1      | Gained mutation: When seriously injured, your bleeding wounds create armour. (AC +9) [demonic ancestry]
   323 | D:1      | Reached XP level 3. HP: 24/29 MP: 3/3
   894 | D:2      | Noticed a bullfrog
   903 | D:2      | Killed a bullfrog
   903 | D:2      | Reached skill level 3 in Axes
   903 | D:2      | Gained mutation: You sometimes gain a little power by taking damage. [demonic ancestry]
   903 | D:2      | Reached XP level 4. HP: 24/36 MP: 4/4
   947 | D:2      | Found a shadowy altar of Dithmenos.
  1040 | D:2      | Found a faded altar of an unknown god.
  1058 | D:2      | Noticed Sigmund
  1085 | D:2      | Killed Sigmund
  1085 | D:2      | Reached skill level 4 in Axes
  1085 | D:2      | Reached skill level 1 in Dodging
  1085 | D:2      | Reached XP level 5. HP: 12/42 MP: 5/5
  1085 | D:2      | Gained mutation: You regenerate health from kills. [demonic ancestry]
  1085 | D:2      | Reached XP level 6. HP: 14/48 MP: 6/6
  1866 | D:3      | Found a shattered altar of Ashenzari.
  2089 | D:4      | Reached skill level 5 in Axes
  2145 | D:4      | Found a sand-covered staircase.
  2170 | Ossuary  | Entered an ossuary
  2177 | Ossuary  | Noticed devnull's ghost (amateur SpAs)
  2185 | Ossuary  | Killed devnull's ghost
  2185 | Ossuary  | Gained mutation: When seriously injured, your bleeding wounds create thick armour. (AC +9) [demonic ancestry]
  2185 | Ossuary  | Reached XP level 7. HP: 53/55 MP: 5/7
  2434 | D:4      | Found a blossoming altar of Fedhas.
  2436 | D:4      | Found a shimmering altar of Xom.
  2436 | D:4      | Found a bloodstained altar of Trog.
  2438 | D:4      | Found a snail-covered altar of Cheibriados.
  2438 | D:4      | Found a glowing golden altar of the Shining One.
  2438 | D:4      | Found a bloodstained altar of Trog.
  2757 | D:5      | Entered Level 5 of the Dungeon
  2785 | D:5      | Reached skill level 6 in Axes
  2906 | D:5      | Gained mutation: You have a pair of small antennae on your head. [demonic ancestry]
  2906 | D:5      | Reached XP level 8. HP: 61/61 MP: 8/8
  2935 | D:5      | Found the +4 dagger "Morg" {pain, MR+ Int+5}
  3348 | D:6      | HP: 3/61 [orc warrior/dire flail (6)]
  3348 | D:6      | Slain by an orc

Vault maps used:
D:1:      dpeg_arrival_rhombus
D:2:      chequers_ecumenical_altar_simple_redux,
          nicolae_dithmenos_shadow_blocks, uniq_sigmund
D:3:      nicolae_overflow_hidden_temple
D:4:      enter_ossuary_2, doesnt_xom_only_xom
D:5:      serial_curves, eino_curves_04, eino_curves_03, first_bread
D:6:      gup_sewer_entry_pipe
Ossuary:  ossuary_tomb_1

Skill      XL: |  1  2  3  4  5  6  7 |
---------------+----------------------+-----
Axes           | 2 3 4 5 6 |  6.9
Armour         | 3 4 |  4.6
Dodging        | 1 2 |  2.3
Fighting       | 4 |  4.8
Stealth        | |  0.3
Shields        | |  2.6

Action                   |  1- 3 |  4- 6 |  7- 9 || total
-------------------------+-------+-------+-------++-------
Melee: War axe           |   109 |   130 |   164 ||   403
  Use: Potion            |       |     2 |       ||     2
  Eat: Chunk             |       |     5 |     3 ||     8
Armor: Scale mail        |    67 |    85 |       ||   152
       Ring mail         |       |     4 |    72 ||    76
Dodge: Dodged            |    62 |    79 |   133 ||   274

Table legend:
 A = Spawn XP
 B = Non-spawn XP
 C = Spawn XP percentage of total XP
 D = Spawn monster count
 E = Non-spawn monster count
 F = Spawn count percentage of total count
 G = Total turns spent on level
                    A         B        C        D         E        F      G
               +---------+---------+-------+---------+---------+-------+---------
         Total |       0 |    1674 |   0.0 |       0 |     141 |   0.0 |  3348
               +---------+---------+-------+---------+---------+-------+---------
           D:1 |       0 |      58 |   0.0 |       0 |      29 |   0.0 |   632
           D:2 |       0 |     354 |   0.0 |       0 |      16 |   0.0 |   804
           D:3 |       0 |     117 |   0.0 |       0 |      18 |   0.0 |   485
           D:4 |       0 |     174 |   0.0 |       0 |      11 |   0.0 |   617
           D:5 |       0 |     552 |   0.0 |       0 |      22 |   0.0 |   565
           D:6 |       0 |      23 |   0.0 |       0 |       5 |   0.0 |    26
       Ossuary |       0 |     396 |   0.0 |       0 |      40 |   0.0 |   219
               +---------+---------+-------+---------+---------+-------+---------
